 Dungeon Crawl Stone Soup version 0.28-a0-1344-g6b9ff3a05d (webtiles) character file.

Game seed: 12512694152798194775

181296 GordonOverkill the Slayer (level 17, 0/174 HPs)
             Began as a Minotaur Cinder Acolyte on Dec 29, 2021.
             Was a High Priest of Ignis.
             Succumbed to a naga warrior's splash of poison
             ... on level 4 of the Snake Pit.
             The game lasted 01:21:37 (38243 turns).

GordonOverkill the Slayer (MiCA)                   Turns: 38243, Time: 01:21:38

Health: 0/174      AC: 32    Str: 23    XL:     17   Next: 67%
Magic:  17/17      EV:  7    Int: 11    God:    Ignis [*****.]
Gold:   624        SH: 14    Dex: 10    Spells: 18/18 levels left

rFire   + . .      SeeInvis +   G - +5 demon trident (elec)
rCold   + . .      Faith    .   Z - +2 kite shield {reflect}
rNeg    . . .      Spirit   .   r - +4 crystal plate armour of the Lizard {rC+ SInv}
rPois   .          Reflect  +   (helmet restricted)
rElec   .          Harm     .   b - scarf {repulsion}
rCorr   .          Rampage  .   t - +2 pair of gloves
Will    +++..                   E - +2 pair of boots {Stlth+}
Stlth   ..........              e - amulet of regeneration
HPRegen 1.19/turn               k - ring of willpower
MPRegen 0.15/turn               v - ring of willpower

@: lethally poisoned (0 -> -1), weakened, on berserk cooldown, slowed, repel
missiles, very slow
A: horns 2, retaliatory headbutt
a: Renounce Religion, Fiery Armour, Foxfire Swarm, Rising Flame


You were on level 4 of the Snake Pit.
You worshipped Ignis.
Ignis was extremely pleased with you.
You visited 4 branches of the dungeon, and saw 27 of its levels.
You also visited: Bailey.

You collected 4153 gold pieces.
You spent 3529 gold pieces at shops.

Inventory:

Hand Weapons
 d - a +1 broad axe of flaming
 G - a +5 demon trident of electrocution (weapon)
 P - a +4 broad axe
Missiles
 s - 7 silver javelins (quivered)
 F - 31 boomerangs
 M - 3 javelins
 U - 2 silver boomerangs
 V - 8 curare-tipped darts
Armour
 b - a scarf of repulsion (worn)
 r - the +4 crystal plate armour of the Lizard (worn) {rC+ SInv}
   (You acquired it on level 6 of the Lair of Beasts)

   rC:        It protects you from cold.
   SInv:      It lets you see invisible.
 t - a +2 pair of gloves (worn)
 E - a +2 pair of boots of stealth (worn)
 Z - a +2 kite shield of reflection (worn)
Jewellery
 e - an amulet of regeneration (around neck)
 j - a ring of ice
 k - a ring of willpower (left hand)
 v - a ring of willpower (right hand)
 w - a +4 ring of slaying
 I - a ring of protection from fire
Wands
 a - a wand of flame (40)
 K - a wand of acid (3)
 L - a wand of polymorph (23)
 S - a wand of paralysis (4)
 W - a wand of iceblast (2)
Scrolls
 g - 7 scrolls of teleportation
 h - 2 scrolls of holy word
 i - a scroll of immolation
 l - a scroll of fear
 m - a scroll of identify
 p - 3 scrolls of magic mapping
 B - 6 scrolls of vulnerability
 C - a scroll of silence
 D - a scroll of summoning
 N - 4 scrolls of enchant armour
Potions
 f - 6 potions of lignification
 n - 2 potions of heal wounds
 o - 13 potions of curing
 x - 3 potions of cancellation
 z - 2 potions of invisibility
 A - 3 potions of mutation
 H - 3 potions of flight
 O - a potion of berserk rage
 X - 2 potions of ambrosia
 Y - 5 potions of might
Miscellaneous
 q - a box of beasts (inert)
 y - a condenser vane
 Q - a phantom mirror
 T - a tin of tremorstones (1/2)


   Skills:
 + Level 21.6 Fighting
 - Level 11.1(13.4) Axes
 - Level 12.2(14.0) Polearms
 - Level 3.0 Throwing
 - Level 12.0 Armour
 - Level 8.0 Dodging
 - Level 15.0 Shields
 - Level 1.0 Spellcasting
 - Level 2.1 Fire Magic
 - Level 15.0 Evocations


You had 18 spell levels left.
You didn't know any spells.
Your spell library contained the following spells:

 Spells                   Type           Power      Damage    Failure   Level
 Animate Skeleton         Necr           0%         N/A       100%        1
 Apportation              Tloc           0%         N/A       100%        1
 Pain                     Necr           0%         1d4       100%        1
 Sting                    Tmut/Pois      0%         1d3       100%        1
 Summon Small Mammal      Summ           0%         N/A       100%        1
 Ensorcelled Hibernation  Hex/Ice        0%         N/A       100%        2
 Poisonous Vapours        Pois/Air       0%         N/A       100%        2
 Scorch                   Fire           10%        2d5       100%        2
 Call Canine Familiar     Summ           0%         N/A       100%        3
 Frozen Ramparts          Ice            0%         1d2       100%        3
 Spider Form              Tmut/Pois      0%         N/A       100%        3
 Summon Guardian Golem    Hex/Summ       0%         N/A       100%        3
 Tukima's Dance           Hex            0%         N/A       100%        3
 Vampiric Draining        Necr           0%         2d6       100%        3
 Ice Form                 Ice/Tmut       0%         N/A       100%        4
 Olgreb's Toxic Radiance  Pois           0%         N/A       100%        4
 Summon Ice Beast         Ice/Summ       0%         N/A       100%        4
 Agony                    Necr           0%         N/A       100%        5
 Alistair's Intoxication  Tmut/Pois      0%         N/A       100%        5
 Blade Hands              Tmut           0%         N/A       100%        5
 Borgnjor's Vile Clutch   Necr/Erth      0%         N/A       100%        5
 Excruciating Wounds      Necr           0%         N/A       100%        5
 Irradiate                Conj/Tmut      0%         3d13      100%        5
 Summon Forest            Summ/Tloc      0%         N/A       100%        5
 Summon Mana Viper        Hex/Summ       0%         N/A       100%        5
 Eringya's Noxious Bog    Tmut/Pois      0%         N/A       100%        6
 Summon Cactus Giant      Summ           0%         N/A       100%        6
 Dragon Form              Tmut           0%         N/A       100%        7
 Enfeeble                 Hex            0%         N/A       100%        7


Dungeon Overview and Level Annotations

Branches:
Dungeon (15/15)            Temple (0/1) D:6            Lair (6/6) D:11
  Snake (4/4) Lair:4       Spider (0/4) Lair:4        Slime (0/5) Lair:5
    Orc (2/2) D:9             Elf (0/3) Orc:2        Vaults (0/5) D:14
 Depths (0/4) D:15         Bailey (visited)

Altars:
Dithmenos
Makhleb
Sif Muna
Xom
Yredelemnul
Beogh
Jiyva
Lugonu

Shops:
D:7 (*   D:13 *=   Orc:1 [![   Orc:2 [**(   Snake:3 =::

Portals:
Abyss: Lair:6

Annotations:
D:8 1 runed translucent door, unhaunting's ghost, novice GnSu


Innate Abilities, Weirdness & Mutations

You have a pair of horns on your head.
You reflexively headbutt those who attack you in melee.


Message History

A red film seems to cover your vision as you go berserk!
You feel yourself moving faster!
You feel mighty!
You feel very sick. You block the naga warrior's attack.
The naga warrior barely misses you. The salamander tyrant hits you!
* * * LOW HITPOINT WARNING * * *
You are engulfed in flames!
You resist.
* * * LOW HITPOINT WARNING * * *
You feel a strong urge to attack something.
You feel sick.
The salamander tyrant barely misses you.
Things that are here:
a +0 shortbow; a +0 flail; 30 arrows You feel sick.
You see here a +0 dire flail.
You feel your anger nearly subside.
You are no longer berserk.
You are exhausted.
You feel yourself slow down.
You feel sick. The naga warrior spits poison at you.
The splash of poison hits you but does no damage.
You are more poisoned.
As you read the scroll of fear, it crumbles to dust.
You assume a fearsome visage.
The salamander tyrant looks frightened!
The guardian serpent looks frightened!
The naga warrior resists with some effort.
You feel very sick.
You feel very sick. The naga warrior spits poison at you.
Your +2 kite shield of reflection reflects the splash of poison!
The splash of poison hits the naga warrior.
Cornered, the naga mage turns to fight!
You feel sick. The naga mage hits you with a +0 flail!
* * * LOW HITPOINT WARNING * * *
The naga mage grabs you. The naga mage constricts you.
The naga mage hits you but does no damage.
The naga mage constricts you.
* * * LOW HITPOINT WARNING * * *
There is a stone staircase leading up, spattered with blood here.
You escape the naga mage's grasp.
You die...

##..### #).##
##...### ##.##
###...####).##
##.........##
##..........
#######.....
########..# ##..##.
#N.##...N####...###
##@......###...## #
#..N)).###..### #
#...")##..### ##
#...)?#..### ##)
##.#.))..N.#####..
#####.........).)
##...........
##............
##..#..........


You could see a naga warrior (catching breath), a salamander tyrant (strong,
fleeing) and a naga mage (fast, strong).

Vanquished Creatures
  Saint Roka (Snake:2)
  Rupert (Lair:6)
  Jorgrun (Orc:1)
  Asterion (Snake:4)
  A tengu reaver (D:15)
  Kirke (D:12)
  3 nagarajas
  A frost giant (D:13)
  2 orc warlords (Orc:1)
  Azrael (Snake:1)
  A dire elephant (D:15)
  A bunyip (D:12)
  An ettin (D:14)
  Snorg (D:9)
  2 vault guards (Bailey)
  Erolcha (Orc:1)
  Fannar (Lair:3)
  12 naga warriors
  12 hydras
  2 salamander tyrants (Snake:2)
  2 boulder beetles
  11 anacondas
  10 centaur warriors
  2 dancing weapons (D:14)
  An ogre mage (D:12)
  6 two-headed ogres
  2 tengu warriors (D:14)
  14 death yaks
  3 thrashing horrors (Lair:6)
  Urug (Lair:2)
  9 naga sharpshooters
  6 shock serpents
  5 orc high priests
  Nergalle (Lair:4)
  A fire crab (Lair:4)
  4 skeletal warriors
  4 salamander mystics
  A sea snake (Snake:3)
  7 naga ritualists
  4 orc knights (Orc:2)
  2 wizards
  8 mana vipers
  12 ugly things
  7 orc sorcerers
  4 deep elf pyromancers
  12 salamanders
  5 cyclopes
  3 manticores
  9 elephants
  A guardian serpent (Snake:2)
  A guardian serpent (shapeshifter) (D:15)
  37 black mambas
  A smoke demon (Lair:6)
  2 gargoyles
  20 naga magi
  A torpor snail (Lair:3)
  7 cane toads
  3 rime drakes
  An efreet (D:15)
  2 unseen horrors
  2 tengu conjurers
  A yaktaur (D:15)
  A kobold demonologist (D:12)
  6 komodo dragons
  2 ancient zymes (Lair:6)
  6 trolls
  A merfolk (D:15)
  A queen bee (D:14)
  6 meliai
  5 polar bears
  Prince Ribbit (D:7)
  24 slime creatures
  29 blink frogs
  A hornet (D:9)
  2 shadows
  A water elemental (D:12)
  5 wyverns
  5 wraiths
  A spriggan (Lair:6)
  2 ynoxinuls (Lair:6)
  5 basilisks
  9 small abominations (Lair:6)
  A fire bat (Lair:4)
  33 yaks
  5 fire elementals (Snake:1)
  A golden eye (Lair:5)
  3 humans (Bailey)
  3 large abominations (Lair:6)
  7 hogs
  A steam dragon (D:8)
  4 chaos spawn (Lair:6)
  5 vampire mosquitoes (D:12)
  Menkaure (D:6)
  40 nagas
  2 wargs (Orc:2)
  An acid dragon (D:8)
  9 water moccasins
  2 hell hounds (Snake:1)
  45 orc warriors
  2 black bears
  12 ogres
  6 centaurs
  20 wolves
  Blork the orc (D:6)
  20 bullfrogs
  2 gnoll sergeants
  5 scorpions
  A wyvern zombie (D:8)
  38 killer bees
  3 water moccasin skeletons
  10 wights (D:9)
  4 electric eels
  6 howler monkeys
  4 centaur zombies
  A hound (D:4)
  28 orc priests
  Natasha (thrice) (D:3)
  An iguana (D:6)
  21 orc wizards
  8 hell rats
  A killer bee zombie (D:9)
  A hound skeleton (D:5)
  2 howler monkey zombies
  8 gnolls
  A howler monkey skeleton (D:6)
  5 adders
  2 shadow imps
  2 ufetubi
  2 worms
  A dart slug (D:4)
  96 orcs
  3 endoplasms
  8 giant cockroaches
  10 hobgoblins
  4 jackals (D:1)
  A ball python (D:1)
  8 bats
  3 frilled lizards
  20 goblins
  8 kobolds
  6 rats
946 creatures vanquished.

Vanquished Creatures (collateral kills)
  Donald (Orc:2)
  A polar bear (Lair:6)
2 creatures vanquished.

Vanquished Creatures (others)
  A guardian serpent (Snake:4)
  A black mamba (Snake:3)
  38 fungi
  45 plants
  5 toadstools (D:12)
90 creatures vanquished.

Grand Total: 1038 creatures vanquished

Notes
Turn   | Place    | Note
-------+----------+-------------------------------------------
     0 | D:1      | GordonOverkill the Minotaur Cinder Acolyte began the quest
                  | for the Orb.
     0 | D:1      | Reached XP level 1. HP: 19/19 MP: 1/1
   209 | D:1      | Reached XP level 2. HP: 18/26 MP: 2/2
   886 | D:1      | Reached skill level 5 in Axes
  1209 | D:2      | Reached XP level 3. HP: 24/31 MP: 3/3
  1526 | D:2      | Found a faded altar of an unknown god.
  2049 | D:3      | Found a shadowy altar of Dithmenos.
  2072 | D:3      | Reached skill level 1 in Throwing
  2391 | D:3      | Reached XP level 4. HP: 28/39 MP: 4/4
  2680 | D:3      | Noticed Natasha
  2691 | D:3      | Killed Natasha
  2932 | D:3      | Noticed Natasha
  2937 | D:3      | Killed Natasha
  3142 | D:3      | Noticed Natasha
  3146 | D:3      | Killed Natasha
  3147 | D:3      | Reached XP level 5. HP: 45/45 MP: 5/5
  3721 | D:4      | Reached XP level 6. HP: 47/51 MP: 6/6
  4471 | D:4      | Reached XP level 7. HP: 57/57 MP: 7/7
  4720 | D:5      | Entered Level 5 of the Dungeon
  5347 | D:5      | Reached skill level 10 in Axes
  5533 | D:6      | Noticed a wraith
  5544 | D:5      | Killed a wraith
  5545 | D:5      | Reached skill level 4 in Fighting
  5619 | D:6      | Reached XP level 8. HP: 67/67 MP: 8/8
  5650 | D:6      | Reached skill level 5 in Fighting
  6009 | D:6      | Found a staircase to the Ecumenical Temple.
  6096 | D:6      | Noticed Menkaure
  6102 | D:6      | Killed Menkaure
  6103 | D:6      | Reached skill level 1 in Evocations
  6244 | D:6      | Noticed Blork the orc
  6252 | D:6      | Killed Blork the orc
  6253 | D:6      | Reached skill level 6 in Fighting
  6388 | D:7      | Found Elaudoaq's Weapon Shoppe.
  6475 | D:7      | Reached skill level 1 in Polearms
  6505 | D:7      | Found Imurit's Gadget Gallery.
  6569 | D:7      | Noticed Prince Ribbit
  6573 | D:7      | Killed Prince Ribbit
  6993 | D:6      | Reached skill level 7 in Fighting
  7407 | D:7      | Reached XP level 9. HP: 65/79 MP: 9/9
  8175 | D:8      | Reached skill level 8 in Fighting
  8175 | D:8      | Reached skill level 5 in Polearms
  8199 | D:8      | Found a flagged portal.
  8234 | Bailey   | Entered a bailey
  8848 | Bailey   | Noticed a vault guard
  8888 | Bailey   | Killed a vault guard
  8889 | Bailey   | Reached skill level 10 in Polearms
  8889 | Bailey   | Reached XP level 10. HP: 60/88 MP: 10/10
  9066 | Bailey   | Noticed a vault guard
  9116 | Bailey   | Killed a vault guard
  9991 | D:8      | Noticed a cyan ugly thing
 10011 | D:8      | Killed a cyan ugly thing
 10180 | D:8      | Noticed a cyclops
 10209 | D:8      | Killed a cyclops
 10210 | D:8      | Reached skill level 9 in Fighting
 10215 | D:8      | Identified the +5 arbalest of the Present {penet, rCorr}
 10247 | D:8      | Noticed a deep elf pyromancer
 10248 | D:8      | Noticed a centaur warrior
 10253 | D:8      | Killed a deep elf pyromancer
 10254 | D:8      | Reached skill level 5 in Armour
 10254 | D:8      | Noticed a manticore
 10259 | D:8      | Killed a centaur warrior
 10260 | D:8      | Reached XP level 11. HP: 38/99 MP: 11/11
 10600 | D:8      | Found a runed translucent door.
 10600 | D:8      | Found a shimmering altar of Xom.
 10600 | D:8      | Noticed a +1 dagger of chaos
 10600 | D:8      | Noticed unhaunting's ghost (novice GnSu)
 10908 | D:8      | Reached skill level 10 in Fighting
 11114 | D:7      | Bought a +1 demon trident of electrocution for 489 gold
                  | pieces
 12224 | D:9      | Found a staircase to the Orcish Mines.
 12524 | D:10     | Entered Level 10 of the Dungeon
 12538 | D:10     | Noticed a centaur warrior
 12551 | D:10     | Killed a centaur warrior
 12552 | D:10     | Reached skill level 11 in Fighting
 13265 | D:11     | Noticed a death yak
 13265 | D:11     | Noticed a death yak
 13291 | D:11     | Killed a death yak
 13292 | D:11     | Noticed a death yak
 13311 | D:10     | Killed a death yak
 13320 | D:11     | Killed a death yak
 13369 | D:11     | Found a staircase to the Lair.
 13404 | D:11     | Reached skill level 12 in Fighting
 13904 | D:11     | Noticed a two-headed ogre
 13909 | D:11     | Killed a two-headed ogre
 13910 | D:11     | Reached skill level 10 in Armour
 13910 | D:11     | Reached skill level 1 in Dodging
 14368 | D:12     | Reached XP level 12. HP: 99/113 MP: 12/12
 14688 | D:12     | Noticed a four-headed hydra
 14696 | D:12     | Killed a four-headed hydra
 14815 | D:12     | Noticed Kirke
 15409 | D:12     | Reached skill level 13 in Fighting
 15495 | D:12     | Noticed a boulder beetle
 15527 | D:12     | Noticed an ogre mage
 15731 | D:12     | Reached skill level 5 in Dodging
 15806 | D:12     | Killed an ogre mage
 16109 | D:12     | Noticed a bunyip
 16109 | D:12     | a boulder beetle changed into a bunyip
 16115 | D:12     | Killed a bunyip
 16322 | D:12     | Killed Kirke
 16473 | Lair:1   | Entered Level 1 of the Lair of Beasts
 16620 | Lair:1   | Reached skill level 14 in Fighting
 16984 | Lair:1   | Identified the +9 scythe of Indomitability {speed, rElec
                  | Will- Int-4 SInv}
 17535 | Lair:2   | Reached XP level 13. HP: 109/125 MP: 13/13
 17725 | Lair:2   | Reached skill level 15 in Fighting
 18169 | Lair:2   | Reached skill level 1 in Shields
 18528 | Lair:3   | Noticed Urug
 18654 | Lair:2   | Killed Urug
 19285 | Lair:3   | Noticed Fannar
 19312 | Lair:3   | Killed Fannar
 19655 | Lair:3   | Reached skill level 5 in Evocations
 20461 | Lair:4   | Reached skill level 16 in Fighting
 20478 | Lair:4   | Noticed Sonja
 20490 | Lair:4   | Noticed Sonja
 20490 | Lair:4   | Sonja changed into Sonja the fire bat
 20492 | Lair:4   | Killed Sonja the fire bat
 20494 | Lair:4   | Found a staircase to the Snake Pit.
 20585 | Lair:4   | Found a hole to the Spider Nest.
 20790 | Lair:4   | Noticed Nergalle
 20799 | Lair:4   | Killed Nergalle
 22527 | Lair:5   | Found a viscous altar of Jiyva.
 22528 | Lair:5   | Found a staircase to the Slime Pits.
 22560 | Lair:5   | Reached XP level 14. HP: 89/138 MP: 14/14
 22752 | Lair:5   | Identified the ring of Fatigue {rC- MP+9 Int+2 Stlth+}
 23204 | Lair:6   | Entered Level 6 of the Lair of Beasts
 23230 | Lair:6   | Reached skill level 17 in Fighting
 23751 | Lair:6   | Reached skill level 18 in Fighting
 23752 | Lair:6   | Noticed Rupert
 24080 | D:7      | Bought a condenser vane for 560 gold pieces
 24609 | Lair:6   | Reached skill level 10 in Evocations
 24918 | Lair:6   | Found a corrupted altar of Lugonu.
 24918 | Lair:6   | Found a one-way gate to the infinite horrors of the Abyss.
 24939 | Lair:6   | Identified 2 scrolls of acquirement
 24939 | Lair:6   | Acquired 1076 gold pieces
 24941 | Lair:6   | Acquired the +4 crystal plate armour of the Lizard {rC+
                  | SInv}
 25186 | Lair:6   | Killed Rupert
 25711 | D:13     | Found Kolit's Assorted Antiques.
 25792 | D:13     | Found Usmuup's Jewellery Boutique.
 26434 | D:13     | Reached XP level 15. HP: 129/149 MP: 15/15
 26761 | D:7      | Bought a phantom mirror for 560 gold pieces
 26761 | D:7      | Bought a wand of acid (4) for 224 gold pieces
 26761 | D:7      | Bought a wand of acid (2) for 168 gold pieces
 26952 | D:14     | Found a gate to the Vaults.
 27256 | D:14     | Noticed a frost giant
 27532 | D:13     | Killed a frost giant
 28686 | D:15     | Entered Level 15 of the Dungeon
 28878 | D:15     | Noticed a tengu reaver
 28879 | D:15     | Found the +0 staff of Battle
 28957 | D:15     | Killed a tengu reaver
 29274 | D:15     | Found a staircase to the Depths.
 29577 | Orc:1    | Entered Level 1 of the Orcish Mines
 29577 | Orc:1    | Noticed Snorg
 29584 | Orc:1    | Noticed Jorgrun
 29589 | D:9      | Reached skill level 15 in Evocations
 29605 | D:9      | Killed Snorg
 29654 | Orc:1    | Killed Jorgrun
 29698 | Orc:1    | Found Amistruops's Armour Boutique.
 29702 | Orc:1    | Found Quimnuk's Distillery.
 29728 | Orc:1    | Bought a potion of curing for 33 gold pieces
 29728 | Orc:1    | Bought a potion of cancellation for 88 gold pieces
 29728 | Orc:1    | Bought a potion of invisibility for 88 gold pieces
 29728 | Orc:1    | Bought a potion of might for 44 gold pieces
 29728 | Orc:1    | Bought a potion of might for 44 gold pieces
 29788 | Orc:1    | Noticed Erolcha
 29813 | Orc:1    | Killed Erolcha
 29972 | Orc:2    | Entered Level 2 of the Orcish Mines
 30258 | Orc:2    | Noticed Donald
 30266 | Orc:2    | Killed Donald
 30387 | Orc:1    | Noticed an orc warlord
 30406 | Orc:2    | Reached XP level 16. HP: 138/159 MP: 16/16
 30668 | Orc:1    | Found Cimiv's Antique Armour Emporium.
 30696 | Orc:1    | Bought a pair of embroidered gloves for 240 gold pieces
 30839 | Orc:2    | Reached skill level 5 in Shields
 31097 | Orc:2    | Reached skill level 19 in Fighting
 31412 | Orc:2    | Found a staircase to the Elven Halls.
 31705 | Orc:2    | Found Vunioniz's Antique Armour Boutique.
 31739 | Orc:2    | Found Uwaigh's Assorted Antiques.
 31768 | Orc:2    | Bought a potion of heal wounds for 155 gold pieces
 31768 | Orc:2    | Bought a scroll of identify for 62 gold pieces
 31768 | Orc:2    | Bought a pair of embroidered boots for 232 gold pieces
 32032 | Orc:2    | Found Douxtyol's Assorted Antiques.
 32041 | Orc:2    | Bought a potion of berserk rage for 175 gold pieces
 32041 | Orc:2    | Bought a scroll of teleportation for 105 gold pieces
 32041 | Orc:2    | Bought a pair of glowing boots for 262 gold pieces
 32052 | Orc:2    | Found Woajat's Antique Weapon Shop.
 32575 | Snake:1  | Entered Level 1 of the Snake Pit
 32822 | Snake:1  | Noticed Azrael
 32854 | Snake:1  | Killed Azrael
 32866 | Snake:1  | Found a basalt altar of Yredelemnul.
 32877 | Snake:1  | Reached skill level 10 in Shields
 34500 | Snake:2  | Noticed Saint Roka
 34527 | Snake:2  | Killed Saint Roka
 35121 | Snake:2  | Reached XP level 17. HP: 146/168 MP: 17/17
 35229 | Snake:2  | Found a burning altar of Makhleb.
 35511 | Snake:3  | Reached skill level 15 in Shields
 36195 | Snake:3  | Found a shimmering blue altar of Sif Muna.
 36240 | Snake:3  | Found Mimurum's Jewellery Boutique.
 36240 | Snake:3  | Found Masohest's Book Shoppe.
 36241 | Snake:3  | Found Ajawn's Book Shoppe.
 36320 | Snake:3  | Reached skill level 20 in Fighting
 37072 | Snake:4  | Entered Level 4 of the Snake Pit
 37429 | Snake:4  | Reached skill level 21 in Fighting
 37482 | Snake:4  | Noticed Asterion
 37499 | Snake:4  | Killed Asterion
 37937 | Snake:4  | HP: 5/173 [mana viper (7)]
 38242 | Snake:4  | HP: 3/174 [naga mage (15)]
 38242 | Snake:4  | HP: 1/174 [constriction (2)]
 38243 | Snake:4  | Succumbed to a naga warrior's splash of poison

Illustrated notes

Levels and vault maps discovered:
D:1:      psy_arrival_terrarium, layout_loops_ring,
          amcnicky_mini_corridor_feature, minmay_misc_feat_plants
D:2:      layout_loops_ring, shapermc_ecumenical_altar_starsandcircs
D:3:      layout_basic, mainiacjoe_overflow_chevrons, uniq_natasha
D:4:      layout_basic, serial_glass, glass_columns_b, glass_columns_b,
          kennysheep_decorative_pillar
D:5:      layout_loops_ring
D:6:      layout_rooms, minmay_temple_entry_statues_pillars, uniq_blork_the_orc,
          uniq_menkaure
D:7:      layout_basic, serial_shops, nicolae_shop_bloodbath_and_beyond,
          nicolae_shop_gadgets, uniq_prince_ribbit1
D:8:      layout_loops_ring, ebering_ghost_xom, enter_bailey_5,
          solitary_fountain, minmay_evil_grid
D:9:      layout_irregular_city, orc_0_dummy, minivault_22, minmay_crystal_room,
          minmay_misc_feat_secret_circle, nicolae_zen_rock_garden
D:10:     layout_big_octagon
D:11:     layout_grid_maze, dpeg_lair_monsters
D:12:     nzn_winding_woodlands_small [nzn_winding_woodlands_5x15_cabin,
          nzn_winding_woodlands_center_triple_pond,
          nzn_winding_woodlands_5x15_pathside_ponds], layout_basic,
          minmay_gold_behind_fungi, kennysheep_generic_room_10, uniq_kirke
D:13:     layout_layer_cave, serial_shops, nicolae_shop_crystal,
          minmay_shop_enchanted_jewellery
D:14:     regret_index_bee_streams, layout_cave_pools, erik_vaults_1,
          nicolae_straight_to_the_point
D:15:     hangedman_depths_entry_try_elsewhere_first, layout_cave_pools,
          abandoned_shop, drop_trap, hellmonk_guarded_unrand_staff_of_battle
Lair:1:   layout_cave_pods, infiniplex_staircase_pool
Lair:2:   layout_regular_city, cheibrodos_lair_caveside_slide,
          lemuel_fruit_fields
Lair:3:   layout_loops_ring, lemuel_fruit_fields, uniq_urug, uniq_fannar
Lair:4:   layout_layer_cave, dummy_snake_entry,
          nicolae_spider_entry_non_spiders, serial_bayou_shore_b, uniq_nergalle,
          uniq_sonja
Lair:5:   layout_gridlike, slime_altar_1, lemuel_fruit_tree
Lair:6:   hellmonk_lair_end_abyssal_woods, layout_long_grid,
          cheibrodos_lair_lostbears, uniq_rupert
Snake:1:  layout_misc_corridors, basic_altar, uniq_azrael
Snake:2:  layout_basic, special_room, basic_altar, grunt_megastairs_1,
          uniq_saint_roka
Snake:3:  hangedman_cross_stitches, layout_basic, basic_altar,
          nicolae_snake_springs, minmay_shop_grove
Snake:4:  grunt_snake_rune_pools, layout_cave_pods,
          chequers_hall_statues_wall_a, grunt_ministairs_7, uniq_asterion
Orc:1:    layout_caves, serial_shops, nicolae_shop_waterfront,
          nicolae_shop_waterfront, shop, uniq_snorg, uniq_erolcha, uniq_jorgrun
Orc:2:    pubby_orc_utopia, serial_shops, uniq_donald

Skill      XL: |  1  2  3  4  5  6  7  8  9 10 11 12 13 14 15 16 17 |
---------------+----------------------------------------------------+-----
Axes           | 4 5 6 7 8 10 11 | 11.1
Throwing       | 1 2 3 |  3.0
Fighting       | 4 7 8 9 12 14 16 18 19 21 | 21.6
Evocations     | 3 7 11 15 | 15.0
Polearms       | 3 10 12 | 12.2
Armour         | 5 10 12 | 12.0
Dodging        | 2 7 8 |  8.0
Shields        | 4 14 15 | 15.0
Spellcasting   | |  1.0
Fire Magic     | |  2.1

Action                   |  1- 3 |  4- 6 |  7- 9 | 10-12 | 13-15 | 16-18 || total
-------------------------+-------+-------+-------+-------+-------+-------++-------
Melee: Hand axe          |    45 |       |       |       |       |       ||    45
       Headbutt          |     7 |    13 |    33 |    64 |   247 |   185 ||   549
       Mace              |    30 |       |       |       |       |       ||    30
       Whip              |    16 |    88 |   213 |    93 |       |       ||   410
       Demon trident     |       |       |       |   389 |  1290 |  1224 ||  2903
Throw: Dart              |       |     2 |    38 |    27 |     1 |       ||    68
Evoke: Wand              |       |       |     9 |     6 |    15 |    31 ||    61
       Tin of tremorston |       |       |       |       |     8 |     2 ||    10
       Box of beasts     |       |       |       |       |     3 |     2 ||     5
       Condenser vane    |       |       |       |       |     2 |     2 ||     4
       Phantom mirror    |       |       |       |       |     1 |       ||     1
  Use: Scroll            |     3 |     1 |     9 |    12 |    14 |    15 ||    54
       Potion            |       |       |     1 |     4 |     3 |     4 ||    12
 Stab: Distracted        |       |       |     1 |     1 |       |     1 ||     3
       Invisible         |       |       |       |     2 |     2 |       ||     4
Armor: Robe              |    17 |       |       |       |       |       ||    17
       Leather armour    |       |     9 |       |       |       |       ||     9
       Ring mail         |       |    18 |       |       |       |       ||    18
       Scale mail        |       |     1 |    15 |       |       |       ||    16
       Chain mail        |       |       |     3 |       |       |       ||     3
       Plate armour      |       |       |    65 |   207 |   229 |       ||   501
       Crystal plate arm |       |       |       |       |   397 |   514 ||   911
Dodge: Dodged            |    64 |    43 |    49 |   111 |   270 |   138 ||   675
       Repelled          |       |     1 |     2 |     3 |     3 |    12 ||    21
Block: Buckler           |       |       |       |       |   140 |       ||   140
       Kite shield       |       |       |       |       |    26 |   514 ||   540
       Reflection        |       |       |       |       |       |    56 ||    56

Table legend: (Time is in decaauts)
 A = Elapsed time spent in this place.
 B = Non-inter-level travel time spent in this place.
 C = Inter-level travel time spent in this place.
 D = Time resting spent in this place.
 E = Time spent auto-exploring this place.
 F = Levels seen in this place.
 G = Mean time per level.
                   A        B        C        D        E       F      G
               +--------+--------+--------+--------+--------+-----+--------+
         Total |  37234 |  34558 |   2676 |   9499 |  17628 |  28 | 1329.8 |
       Dungeon |  19403 |  17823 |   1580 |   5078 |   9235 |  15 | 1293.5 |
          Lair |   8701 |   7809 |    892 |   1698 |   4821 |   6 | 1450.2 |
     Snake Pit |   5238 |   5131 |    107 |   1549 |   2131 |   4 | 1309.5 |
  Orcish Mines |   2702 |   2606 |     96 |    483 |   1193 |   2 | 1351.0 |
        Bailey |   1188 |   1188 |      0 |    689 |    246 |   1 | 1188.0 |
               +--------+--------+--------+--------+--------+-----+--------+

Top non-repeatable levels by time:
    D:12: 2147 daAuts
     D:8: 2126 daAuts
   Orc:2: 2008 daAuts
 Snake:2: 1775 daAuts
     D:3: 1732 daAuts
  Lair:6: 1697 daAuts
  Lair:2: 1663 daAuts
  Lair:4: 1624 daAuts
    D:13: 1602 daAuts
  Lair:3: 1441 daAuts
     D:7: 1414 daAuts
    D:11: 1395 daAuts
 Snake:3: 1394 daAuts
     D:9: 1286 daAuts
  Lair:5: 1230 daAuts
